 Dungeon Crawl Stone Soup version 0.25.0-9-g26727b657a (webtiles) character file.

Game seed: 18143874544704128166

2010 protoss039 the Thaumaturge (level 9, 0/46 HPs)
             Began as a Deep Elf Fire Elementalist on June 20, 2020.
             Was a Believer of Vehumet.
             Slain by a killer bee (9 damage)
             ... on level 6 of the Dungeon.
             The game lasted 00:16:56 (7135 turns).

protoss039 the Thaumaturge (DEFE)                   Turns: 7135, Time: 00:16:57

Health: 0/46       AC:  4    Str:  5    XL:     9   Next: 2%
Magic:  19/26      EV: 13    Int: 24    God:    Vehumet [**....]
Gold:   190        SH:  0    Dex: 15    Spells: 15/31 levels left

rFire    . . .     SeeInvis .   z - +3 quarterstaff (chaos)
rCold    . . .     Gourm    .   (shield currently unavailable)
rNeg     + . .     Faith    .   a - +0 robe
rPois    .         Spirit   .   (no helmet)
rElec    .         Reflect  .   A - +1 cloak
rCorr    .         Harm     .   (no gloves)
MR       .....                  (no boots)
Stlth    ++........             (no amulet)
HPRegen  0.15/turn              q - ring of positive energy
MPRegen  0.20/turn              (no ring)

@: no status effects
A: no striking features
a: Renounce Religion


You were on level 6 of the Dungeon.
You worshipped Vehumet.
Vehumet was pleased with you.
You were not hungry.

You visited 1 branch of the dungeon, and saw 6 of its levels.

You collected 190 gold pieces.

Inventory:

Hand Weapons
 e - a +2 antimagic dagger
 f - a +3 dagger
 z - a +3 quarterstaff of chaos (weapon)
Armour
 a - a +0 robe (worn)
 A - a +1 cloak (worn)
Jewellery
 q - a ring of positive energy (left hand)
Wands
 y - a wand of iceblast (12)
Scrolls
 i - a scroll of amnesia
 j - 2 scrolls of immolation
 l - a scroll of identify
 m - 2 scrolls of enchant weapon
 p - 3 scrolls of random uselessness
 s - a scroll of teleportation
 w - a scroll of fog
Potions
 b - a potion of might
 d - 2 potions of curing
 g - 2 potions of ambrosia
 k - 3 potions of degeneration
 n - 3 potions of cancellation
 o - 2 potions of stabbing
 r - a potion of heal wounds {unknown}
 t - a potion of haste {unknown}
 v - a potion of resistance {unknown}
 x - a potion of flight {unknown}
Comestibles
 c - 13 rations


   Skills:
 + Level 0.3 Fighting
 - Level 2.4 Dodging
 - Level 2.4 Stealth
 * Level 11.5 Spellcasting
 + Level 5.9 Conjurations
 + Level 0.4 Hexes
 + Level 7.0 Fire Magic


You had 15 spell levels left.
You knew the following spells:

 Your Spells              Type           Power        Failure   Level  Hunger
a - Foxfire               Conj/Fire      ####         1%          1    None
b - Conjure Flame         Conj/Fire      #####...     1%          3    None
c - Inner Flame           Hex/Fire       ####....     3%          3    None
d - Sticky Flame          Conj/Fire      #####...     3%          4    None
e - Fireball              Conj/Fire      #####.....   9%          5    ####...

Your spell library contained the following spells:

 Spells                   Type           Power        Failure   Level  Hunger
 Magic Dart               Conj           ####         1%          1    None


Dungeon Overview and Level Annotations

Branches:
Dungeon (6/15)             Temple (0/1) D:5

Altars:
Ashenzari
Fedhas
Nemelex Xobeh
Okawaru
Qazlal
Ru
Uskayaw
Vehumet


Message History

The foxfire hits the killer bee.
The killer bee is heavily wounded.
The killer bee stings you but does no damage. x2
The killer bee barely misses you. The killer bee misses you.
The killer bee stings you.
* * * LOW HITPOINT WARNING * * *
The foxfire hits the killer bee.
You kill the killer bee!
Vehumet accepts your kill.
You feel your power returning.
Your Fire Magic skill increases to level 7!
Unknown command.
Okay, then.
Okay, then.
Okay, then.
You feel better.
The foxfire hits the killer bee but does no damage.
The killer bee is heavily wounded.
The killer bee stings you!
You die...

#.##.#..........................
#.##.#..........................
#.##.#.#######.#.#.#............
##.##.#.#######.#.#.#............
#................................
##.##.#.#######.#.#.#.....###..##
#.##.#.#######†#.#.#............
#..........##.yyy#.#.....#......
#.##.#.....##..@.#.#.....#.....#
#.####.....##.§§§#.#.....#.....#
#.# #..####.............#.....#
#.# #.......#.#.#.#.....#.##.##
#.# #..#.##.#.#.#.#...........+
#.####y..........#.#.....#.##.##
#...yyy.........................
#.####y#..##.#.....#.##..#.##.##
#.# ####.####..................


You could see 3 killer bees.

Vanquished Creatures
  Sigmund (D:4)
  Eustachio (D:5)
  Edmund (D:5)
  Duvessa (D:5)
  A sky beast (D:4)
  A phantom (D:5)
  3 ogres
  2 centaurs (D:5)
  A wyvern zombie (D:2)
  Dowan (D:5)
  2 killer bees (D:6)
  A howler monkey (D:5)
  A centaur zombie (D:5)
  5 hounds
  Crazy Yiuf (D:5)
  A jelly (D:6)
  3 orc wizards
  A bullfrog skeleton (D:5)
  An orc priest (D:6)
  2 iguanas
  3 worker ants
  A hound skeleton (D:6)
  6 adders
  An adder zombie (D:6)
  2 worms
  A dart slug (D:1)
  3 leopard geckos
  10 orcs
  13 giant cockroaches
  8 goblins
  7 hobgoblins
  3 jackals
  2 quokkas
  3 ball pythons
  3 bats (D:1)
  2 frilled lizards
  4 kobolds
  4 rats (D:1)
107 creatures vanquished.

Vanquished Creatures (collateral kills)
  An orc (D:3)
1 creature vanquished.

Vanquished Creatures (others)
  513 foxfires
513 creatures vanquished.

Grand Total: 621 creatures vanquished

Notes
Turn   | Place    | Note
-------+----------+-------------------------------------------
     0 | D:1      | protoss039 the Deep Elf Fire Elementalist began the quest
                  | for the Orb.
     0 | D:1      | Reached XP level 1. HP: 10/10 MP: 6/6
   666 | D:1      | Reached XP level 2. HP: 15/15 MP: 4/8
  1559 | D:2      | Reached skill level 4 in Spellcasting
  1591 | D:2      | Found an iron altar of Okawaru.
  1596 | D:2      | Reached XP level 3. HP: 19/19 MP: 6/10
  1746 | D:2      | Found a shattered altar of Ashenzari.
  2088 | D:2      | Found a hide-covered altar of Uskayaw.
  2089 | D:2      | Found a radiant altar of Vehumet.
  2098 | D:2      | Reached skill level 5 in Spellcasting
  2098 | D:2      | Reached XP level 4. HP: 8/24 MP: 3/13
  2103 | D:2      | Learned a level 3 spell: Conjure Flame
  2289 | D:2      | Found a sparkling altar of Nemelex Xobeh.
  2290 | D:2      | Found a stormy altar of Qazlal.
  2293 | D:2      | Found an iron altar of Okawaru.
  2296 | D:2      | Became a worshipper of Vehumet
  3049 | D:3      | Reached XP level 5. HP: 28/28 MP: 4/15
  3222 | D:3      | Reached * piety under Vehumet
  3222 | D:3      | Offered knowledge of Shock by Vehumet.
  3694 | D:3      | Found a sacrificial altar of Ru.
  3840 | D:4      | Reached skill level 6 in Spellcasting
  3992 | D:4      | Reached XP level 6. HP: 32/32 MP: 12/17
  4173 | D:4      | Noticed a sky beast
  4179 | D:4      | Killed a sky beast
  4225 | D:4      | Noticed Sigmund
  4230 | D:4      | Killed Sigmund
  4230 | D:4      | Reached skill level 7 in Spellcasting
  4230 | D:4      | Reached skill level 5 in Fire Magic
  4230 | D:4      | Reached XP level 7. HP: 36/36 MP: 13/20
  4626 | D:5      | Entered Level 5 of the Dungeon
  4626 | D:5      | Found a blossoming altar of Fedhas.
  4642 | D:5      | Learned a level 3 spell: Inner Flame
  4692 | D:5      | Noticed Edmund
  4695 | D:5      | Reached skill level 8 in Spellcasting
  4701 | D:5      | Killed Edmund
  4774 | D:5      | Noticed Duvessa
  4775 | D:5      | Noticed Dowan
  4785 | D:5      | Killed Duvessa
  4785 | D:5      | Reached skill level 9 in Spellcasting
  4785 | D:5      | Reached skill level 5 in Conjurations
  4785 | D:5      | Reached XP level 8. HP: 15/41 MP: 6/23
  4789 | D:5      | Killed Dowan
  5061 | D:5      | Found a staircase to the Ecumenical Temple.
  5128 | D:5      | Reached skill level 10 in Spellcasting
  5367 | D:5      | Noticed Eustachio
  5386 | D:5      | Killed Eustachio
  5574 | D:5      | Reached ** piety under Vehumet
  5574 | D:5      | Offered knowledge of Magic Dart by Vehumet.
  5920 | D:5      | Found a runed translucent door.
  5921 | D:5      | Noticed Crazy Yiuf
  5929 | D:5      | Learned a level 4 spell: Sticky Flame
  5935 | D:5      | Learned a level 5 spell: Fireball
  6067 | D:5      | Killed Crazy Yiuf
  6457 | D:6      | Reached skill level 11 in Spellcasting
  7129 | D:6      | Reached XP level 9. HP: 27/46 MP: 22/26
  7135 | D:6      | Slain by a killer bee

Illustrated notes

Levels and vault maps discovered:
D:1:      zaba_arrival_water, layout_basic
D:2:      layout_basic, minitemple, evilmike_ruin_ashenzari,
          kennysheep_okawaru_gauntlet
D:3:      minmay_roachtagon, layout_basic, nicolae_ru_awakened_eye
D:4:      layout_cave_pools, first_ration, chequers_serial_rivers_small_a,
          uniq_sigmund
D:5:      layout_basic, fedhas_altar_2, minmay_temple_entry_antechambers,
          corexii_item_surrounded_by_moat, st_stairs_6, minmay_holes,
          uniq_eustachio, uniq_crazy_yiuf_cottage, uniq_edmund, uniq_duvessa
D:6:      layout_basic, gammafunk_temple_overflow_elements

Skill      XL: |  1  2  3  4  5  6  7  8  9 |
---------------+----------------------------+-----
Spellcasting   | 4 5 6 7 9 11 | 11.5
Conjurations   | 2 3 4 5 |  5.9
Fire Magic     | 4 5 6 7 |  7.0
Fighting       | |  0.3
Dodging        | |  2.4
Stealth        | |  2.4
Hexes          | |  0.4

Action                   |  1- 3 |  4- 6 |  7- 9 || total
-------------------------+-------+-------+-------++-------
Melee: Dagger            |     7 |     5 |     9 ||    21
 Cast: Foxfire           |    69 |   105 |   191 ||   365
       Conjure Flame     |       |     1 |     8 ||     9
       Fireball          |       |       |     2 ||     2
       Inner Flame       |       |       |     2 ||     2
  Use: Scroll            |       |       |    15 ||    15
       Potion            |       |       |     1 ||     1
  Eat: Chunk             |     3 |     7 |     9 ||    19
Armor: Robe              |     4 |     3 |     9 ||    16
Dodge: Dodged            |    23 |    15 |    60 ||    98
